 Dungeon Crawl Stone Soup version 0.29.0-4-gdea44cf6ec (webtiles) character file.

Game seed: 11930302684119101272

2834 qw the Cleaver (level 9, -2/54 HPs)
             Began as a Tengu Warper on Aug 28, 2022.
             Was an Initiate of Okawaru.
             Slain by an orc warrior
             ... wielding a +0 halberd
              (10 damage)
             ... on level 7 of the Dungeon.
             The game lasted 00:00:53 (9644 turns).

qw the Cleaver (Tengu Warper)                       Turns: 9644, Time: 00:00:54

Health: -2/54      AC: 18    Str: 16    XL:     9   Next: 73%
Magic:  13/13      EV:  6    Int: 13    God:    Okawaru [......]
Gold:   152        SH:  0    Dex: 14    Spells: 12/12 levels left

rFire   . . .      SeeInvis .   Y - +4 broad axe (freeze)
rCold   . . .      Faith    .   (no shield)
rNeg    . . .      Spirit   .   g - +1 plate armour
rPois   +          Reflect  .   (helmet restricted)
rElec   .          Harm     .   b - +0 cloak
rCorr   +          Rampage  .   j - +2 pair of gloves
Will    .....                   (boots unavailable)
Stlth   ..........              (no amulet)
HPRegen 0.18/turn               h - ring of resist corrosion
MPRegen 0.13/turn               l - ring of poison resistance

@: flying quickly and evasively, quick
A: beak, talons 3, nimble flight
a: Renounce Religion


You were on level 7 of the Dungeon.
You worshipped Okawaru.
Okawaru was noncommittal.
You visited 2 branches of the dungeon, and saw 8 of its levels.
You also visited: Sewer.

You collected 301 gold pieces.
You spent 149 gold pieces at shops.


Innate Abilities, Weirdness & Mutations

You have a beak for a mouth.
You have claws for feet.
Your magical nature lets you fly swiftly and evasively.


   Skills:
 - Level 5.3 Fighting
 + Level 11.9 Axes
 - Level 1.0 Throwing
 - Level 6.1 Armour
 - Level 2.1 Dodging
 - Level 2.0 Spellcasting
 - Level 2.4 Translocations


You had 12 spell levels left.
You didn't know any spells.
Your spell library contained the following spells:

 Spells                   Type           Power      Damage    Failure   Level
 Blink                    Tloc           14%        N/A       100%        2
 Gell's Gravitas          Tloc           7%         N/A       100%        3
 Lesser Beckoning         Tloc           7%         N/A       100%        3
 Teleport Other           Tloc           7%         N/A       100%        3
 Manifold Assault         Tloc           7%         N/A       100%        5

Inventory:

Hand Weapons
 o - a +1 hand axe of flaming
 Y - a +4 broad axe of freezing (weapon)
Armour
 b - a +0 cloak (worn)
 g - a +1 plate armour (worn)
 i - a +0 chain mail of fire resistance
 j - a +2 pair of gloves (worn)
Jewellery
 h - a ring of resist corrosion (left hand)
 l - a ring of poison resistance (right hand)
 m - an amulet of regeneration
Scrolls
 f - 4 scrolls of identify
Potions
 c - 5 potions of mutation
 d - 2 potions of curing
 e - 3 potions of might
 k - 2 potions of cancellation

Dungeon Overview and Level Annotations

Branches:
Dungeon (7/15)             Temple (1/1) D:4           Sewer (visited)

Altars:
Ashenzari
Cheibriados
Dithmenos
Elyvilon
Fedhas
Gozag
Hepliaklqana
Kikubaaqudgha
Nemelex Xobeh
Okawaru
Qazlal
Ru
Sif Muna
Trog
Uskayaw
Wu Jian
Xom
Yredelemnul
Zin
The Shining One

Shops:
D:1 *   D:6 [

Annotations:
D:2 1 runed translucent door, Crazy Yiuf


Message History

The orc shouts! x2
An orc priest comes into view. It is wielding a +0 hand axe.
The orc warrior hits you with a +0 halberd!
There is an open door here.
Things that are here:
a +4 falchion; an orc corpse You hit the orc warrior.
You freeze the orc warrior.
You claw the orc warrior, but do no damage.
The orc warrior is moderately wounded.
The orc priest invokes the aid of Beogh against you.
Pain shoots through your body!
The orc warrior hits you with a +0 halberd.
You closely miss the orc warrior. Your kick misses the orc warrior.
The orc warrior is moderately wounded.
The orc warrior hits you but does no damage.
You closely miss the orc warrior.
You claw the orc warrior, but do no damage.
The orc warrior is moderately wounded.
You hit the orc. You freeze the orc. The orc hits you but does no damage.
The orc warrior hits you with a +0 halberd!
You hit the orc warrior. You freeze the orc warrior.
The orc warrior is moderately wounded.
You slash the orc! You freeze the orc.
You kill the orc!
Okawaru accepts your kill.
The orc warrior hits you with a +0 halberd.
You barely miss the orc warrior.
The orc warrior is moderately wounded.
You hit the orc priest. You freeze the orc priest.
The orc priest closely misses you.
The orc warrior hits you but does no damage.
You closely miss the orc warrior.
You claw the orc warrior, but do no damage.
The orc warrior is moderately wounded.
You slash the orc priest! You freeze the orc priest.
You kill the orc priest!
Okawaru accepts your kill.
The orc warrior hits you with a +0 halberd!
You die...

........##..##..##
.................. ....
#................. ...)
#.......##.)##..## .....
#..##<..##..##### .....
#..##....#..#...# .....#
#..##...##..'<..##.....#
#..##...##..#...#o......
.........+..#...@o......
.........#..#...##.....#
#..##...##..##..######### ####
#####...##..######......######...
........................##.......
..............).##.....##...#...>
#..##...........##.........###...
#..##.......##..##...............
...)........##..##.......#.).).#.


You could see an orc warrior and an orc.

Vanquished Creatures
  Grinder (D:5)
  Eustachio (D:4)
  A steam dragon (D:7)
  Menkaure (D:5)
  2 water moccasins
  2 ice beasts (D:5)
  A black bear (D:5)
  3 ogres
  2 phantoms
  4 kobold brigands
  6 scorpions
  2 jellies
  2 hounds (D:5)
  An orc priest (D:7)
  3 iguanas
  3 orc wizards (D:7)
  13 gnolls
  14 adders
  7 river rats
  An ufetubus (D:6)
  A worm (D:5)
  2 dart slugs (D:1)
  17 orcs
  14 ball pythons
  8 bats
  8 endoplasms
  5 giant cockroaches
  8 goblins
  8 hobgoblins
  6 jackals
  20 kobolds
  4 quokkas
  A frilled lizard (Sewer)
  9 rats
181 creatures vanquished.

Vanquished Creatures (others)
  8 plants
8 creatures vanquished.

Grand Total: 189 creatures vanquished

Notes
Turn   | Place    | Note
-------+----------+-------------------------------------------
     0 | D:1      | qw the Tengu Warper began the quest for the Orb.
     0 | D:1      | Reached XP level 1. HP: 12/12 MP: 4/4
     0 | D:1      | 0 ||| qw: Version: 0.1-a-89-g26bdef1
     0 | D:1      | 0 ||| qw: Game counter: 2464
     0 | D:1      | 0 ||| qw: Always use a shield: true
     0 | D:1      | 0 ||| qw: God list: Okawaru
     0 | D:1      | 0 ||| qw: Allow faded altars: false
     0 | D:1      | 0 ||| qw: Do Orc after D:15 true
     0 | D:1      | 0 ||| qw: Do second Lair branch before Depths: true
     0 | D:1      | 0 ||| qw: Lair rune preference: random
     0 | D:1      | 0 ||| qw: Plans: Normal
     0 | D:1      | 0 ||| PLANNING D:1-11
   291 | D:1      | Found a faded altar of an unknown god.
   333 | D:1      | 333 ||| Stepping ~*~*~tactically~*~*~ (stealth).
   346 | D:1      | 346 ||| Stepping ~*~*~tactically~*~*~ (stealth).
   348 | D:1      | Found Comuyr's General Store.
   353 | D:1      | 353 ||| SHOPLISTING +2 pair of gloves (231 gold, have 18).
   353 | D:1      | 353 ||| SHOPLISTING potion of haste (140 gold, have 18).
   353 | D:1      | 353 ||| SHOPLISTING scroll of teleportation (42 gold, have
                  | 18).
   382 | D:1      | Reached XP level 2. HP: 17/17 MP: 6/6
   429 | D:1      | 429 ||| SWAPPING to +0 broad axe.
   430 | D:1      | 430 ||| DROPPING +0 hand axe.
   451 | D:1      | Reached skill level 3 in Axes
   710 | D:1      | 710 ||| Stepping ~*~*~tactically~*~*~ (stealth).
   902 | D:1      | Reached XP level 3. HP: 21/21 MP: 7/7
   990 | D:1      | Reached skill level 4 in Axes
  1013 | D:1      | 1013 ||| Stepping ~*~*~tactically~*~*~ (hiding).
  1116 | D:1      | 1116 ||| Stepping ~*~*~tactically~*~*~ (hiding).
  1218 | D:1      | 1218 ||| Stepping ~*~*~tactically~*~*~ (hiding).
  1221 | D:1      | 1221 ||| Stepping ~*~*~tactically~*~*~ (hiding).
  1416 | D:1      | 1416 ||| UPGRADING to +0 chain mail.
  1426 | D:1      | 1426 ||| DROPPING +0 leather armour.
  1427 | D:1      | 1427 ||| UPGRADING to +2 pair of gloves.
  1432 | D:1      | 1432 ||| READING scroll labelled MUOVVU JUAMN.
  1433 | D:1      | 1433 ||| READING 2 scrolls labelled GYSYH JIANEITEDO.
  1434 | D:1      | 1434 ||| READING scroll labelled NICUIR XONN.
  1435 | D:1      | 1435 ||| READING scroll labelled PACLEMN GU DAI.
  1436 | D:1      | 1436 ||| READING scroll labelled XIANEO ZOCOPPOE.
  1437 | D:1      | 1437 ||| READING 2 scrolls labelled ACWIED NAFF.
  1438 | D:1      | 1438 ||| DROPPING scroll of blinking.
  1439 | D:1      | 1439 ||| Stepping randomly (stuck).
  1440 | D:1      | 1440 ||| Stepping ~*~*~tactically~*~*~ (cloud).
  1447 | D:1      | HP: 5/21 [poisoned by you (poison gas)]
  1707 | D:2      | Found the +8 trident of the Octopus King {venom, rElec
                  | rPois}
  1711 | D:2      | 1711 ||| STAIRDANCE
  1998 | D:2      | Reached XP level 4. HP: 26/26 MP: 8/8
  2054 | D:2      | 2054 ||| DROPPING +4 mace.
  2338 | D:2      | Found a runed translucent door.
  2339 | D:2      | Noticed Crazy Yiuf
  2770 | D:2      | Found a glowing silver altar of Zin.
  2917 | D:2      | 2917 ||| UPGRADING to +0 plate armour.
  2927 | D:2      | 2927 ||| DROPPING +0 chain mail.
  2928 | D:2      | 2928 ||| READING scroll of enchant armour.
  2928 | D:2      | 2928 ||| ENCHANTING +0 plate armour.
  2929 | D:2      | 2929 ||| READING scroll labelled UTWURR UCWO.
  3030 | D:2      | 3030 ||| READING scroll labelled XAUKOTSYMOMP.
  3180 | D:2      | 3180 ||| READING 4 scrolls of identify.
  3180 | D:2      | 3180 ||| IDENTIFYING blue potion
  3237 | D:3      | 3237 ||| Stepping ~*~*~tactically~*~*~ (stealth).
  3239 | D:3      | 3239 ||| Stepping ~*~*~tactically~*~*~ (hiding).
  3241 | D:3      | 3241 ||| Stepping ~*~*~tactically~*~*~ (hiding).
  3255 | D:3      | Reached skill level 5 in Axes
  3255 | D:3      | HP: 6/26 [gnoll/+0 spear (1)]
  3259 | D:3      | Gained mutation: Your magical nature lets you fly swiftly
                  | and evasively. [Tengu growth]
  3259 | D:3      | Reached XP level 5. HP: 5/30 MP: 9/9
  3325 | D:3      | 3325 ||| FLEEEEING.
  3553 | D:3      | 3553 ||| Stepping ~*~*~tactically~*~*~ (stealth).
  3923 | D:3      | 3923 ||| READING scroll of enchant weapon.
  3923 | D:3      | 3923 ||| ENCHANTING +1 broad axe.
  3934 | D:3      | Noticed an ogre
  3940 | D:3      | Killed an ogre
  3941 | D:3      | Reached skill level 6 in Axes
  3941 | D:3      | Reached XP level 6. HP: 11/35 MP: 10/10
  4500 | D:3      | 4500 ||| Stepping ~*~*~tactically~*~*~ (stealth).
  4517 | D:3      | Reached skill level 3 in Armour
  4653 | D:3      | 4653 ||| Stepping ~*~*~tactically~*~*~ (stealth).
  4722 | D:3      | 4722 ||| DROPPING orb of mayhem.
  4723 | D:3      | 4723 ||| UPGRADING to ring of resist corrosion.
  4724 | D:3      | 4724 ||| READING scroll labelled PIPOIJ BIMOIG.
  4725 | D:3      | 4725 ||| DRINKING 2 ruby potions.
  4726 | D:3      | 4726 ||| READING 7 scrolls of identify.
  4726 | D:3      | 4726 ||| IDENTIFYING pink potion
  4727 | D:3      | 4727 ||| READING 6 scrolls of identify.
  4727 | D:3      | 4727 ||| IDENTIFYING emerald potion
  4728 | D:3      | 4728 ||| DROPPING potion of lignification.
  4729 | D:3      | 4729 ||| DROPPING potion of attraction.
  4754 | D:4      | Found a staircase to the Ecumenical Temple.
  4755 | D:4      | 4755 ||| PLANNING TEMPLE
  4758 | D:4      | 4758 ||| STAIRDANCE
  4834 | D:4      | 4834 ||| STAIRDANCE
  4840 | D:4      | 4840 ||| Stepping ~*~*~tactically~*~*~ (stealth).
  4855 | Temple   | Entered the Ecumenical Temple
  4950 | Temple   | 4950 ||| PLANNING D:1-11
  4950 | Temple   | 4950 ||| UPGRADING to +0 cloak.
  5056 | D:4      | 5056 ||| Stepping ~*~*~tactically~*~*~ (stealth).
  5086 | D:4      | 5086 ||| Stepping ~*~*~tactically~*~*~ (stealth).
  5088 | D:4      | 5088 ||| Stepping ~*~*~tactically~*~*~ (stealth).
  5201 | D:4      | 5201 ||| FLEEEEING.
  5202 | D:4      | 5202 ||| FLEEEEING.
  5276 | D:4      | 5276 ||| READING scroll of enchant weapon.
  5276 | D:4      | 5276 ||| ENCHANTING +2 broad axe of freezing.
  5320 | D:4      | Noticed Eustachio
  5337 | D:4      | Killed Eustachio
  5338 | D:4      | Reached skill level 7 in Axes
  5338 | D:4      | Reached XP level 7. HP: 34/40 MP: 11/11
  5652 | D:4      | 5652 ||| READING scroll labelled MYQ INA YBRO.
  5657 | D:4      | 5657 ||| DRINKING 2 bubbling ruby potions.
  5658 | D:4      | 5658 ||| DROPPING potion of magic.
  5674 | D:5      | Entered Level 5 of the Dungeon
  5674 | D:5      | Noticed Grinder
  5675 | D:5      | 5675 ||| PLANNING SEWER
  5675 | D:5      | Paralysed by Grinder for 2 turns
  5680 | D:5      | Paralysed by Grinder for 2 turns
  5682 | D:5      | Killed Grinder
  5726 | D:5      | Reached skill level 8 in Axes
  5822 | D:5      | Reached XP level 8. HP: 42/48 MP: 12/12
  5922 | D:5      | Noticed Menkaure
  5929 | D:5      | HP: 1/48 [Menkaure (17)]
  5930 | D:5      | Killed Menkaure
  6294 | D:5      | 6294 ||| Stepping ~*~*~tactically~*~*~ (stealth).
  6298 | D:5      | Reached skill level 9 in Axes
  6306 | D:5      | 6306 ||| Stepping ~*~*~tactically~*~*~ (stealth).
  6335 | D:5      | Found an ancient bone altar of Kikubaaqudgha.
  6336 | D:5      | 6336 ||| Stepping ~*~*~tactically~*~*~ (stealth).
  6337 | D:5      | 6337 ||| Stepping ~*~*~tactically~*~*~ (stealth).
  6380 | D:5      | Found a glowing drain.
  6381 | D:5      | 6381 ||| DROPPING ring of magical power.
  6382 | D:5      | 6382 ||| READING 5 scrolls of identify.
  6382 | D:5      | 6382 ||| IDENTIFYING coppery potion
  6383 | D:5      | 6383 ||| DROPPING potion of invisibility.
  6392 | Sewer    | Entered a sewer
  6446 | Sewer    | 6446 ||| Stepping ~*~*~tactically~*~*~ (stealth).
  6541 | Sewer    | 6541 ||| READING scroll of enchant weapon.
  6541 | Sewer    | 6541 ||| ENCHANTING +3 broad axe of freezing.
  6838 | Sewer    | 6838 ||| READING scroll labelled EKOFRATHOA.
  6839 | Sewer    | 6839 ||| READING scroll labelled GUUSOY RUONNO.
  6840 | Sewer    | 6840 ||| READING 4 scrolls of identify.
  6840 | Sewer    | 6840 ||| IDENTIFYING black potion
  6841 | Sewer    | 6841 ||| READING 3 scrolls of identify.
  6841 | Sewer    | 6841 ||| IDENTIFYING murky grey potion
  6842 | Sewer    | 6842 ||| DROPPING potion of brilliance.
  6849 | D:5      | 6849 ||| PLANNING D:1-11
  6858 | D:5      | Found a shimmering altar of Xom.
  6858 | D:5      | Found a sacrificial altar of Ru.
  6860 | D:5      | Found a broken altar of Ashenzari.
  6860 | D:5      | Found a basalt altar of Yredelemnul.
  6860 | D:5      | Found a stormy altar of Qazlal.
  7076 | D:5      | 7076 ||| Stepping ~*~*~tactically~*~*~ (hiding).
  7089 | D:5      | Reached skill level 10 in Axes
  7089 | D:5      | 7089 ||| Stepping ~*~*~tactically~*~*~ (stealth).
  7091 | D:5      | 7091 ||| FLEEEEING.
  7092 | D:5      | 7092 ||| FLEEEEING.
  7093 | D:5      | 7093 ||| FLEEEEING.
  7094 | D:5      | 7094 ||| FLEEEEING.
  7095 | D:5      | 7095 ||| FLEEEEING.
  7096 | D:5      | 7096 ||| FLEEEEING.
  7097 | D:5      | 7097 ||| FLEEEEING.
  7098 | D:5      | 7098 ||| FLEEEEING.
  7099 | D:5      | 7099 ||| FLEEEEING.
  7100 | D:5      | 7100 ||| FLEEEEING.
  7101 | D:5      | 7101 ||| FLEEEEING.
  7102 | D:5      | 7102 ||| FLEEEEING.
  7228 | D:5      | 7228 ||| Stepping ~*~*~tactically~*~*~ (stealth).
  7234 | D:5      | 7234 ||| Stepping ~*~*~tactically~*~*~ (stealth).
  7235 | D:5      | 7235 ||| Stepping ~*~*~tactically~*~*~ (stealth).
  7241 | D:5      | 7241 ||| Stepping ~*~*~tactically~*~*~ (stealth).
  7243 | D:5      | 7243 ||| Stepping ~*~*~tactically~*~*~ (hiding).
  7564 | D:5      | Reached XP level 9. HP: 53/53 MP: 13/13
  7610 | D:5      | 7610 ||| READING 2 scrolls of identify.
  7610 | D:5      | 7610 ||| IDENTIFYING sapphire potion
  7625 | D:6      | Found Ybynt's Armour Shop.
  7682 | D:6      | 7682 ||| BUYING +0 chain mail of fire resistance (149
                  | gold).
  7682 | D:6      | Bought a +0 chain mail of fire resistance for 149 gold
                  | pieces
  7682 | D:6      | 7682 ||| SHOPLISTING +1 cloak (149 gold, have 103).
  7682 | D:6      | 7682 ||| SHOPLISTING +2 shield of Resistance {rF++ rC++
                  | Will++} (916 gold, have 103).
  7682 | D:6      | 7682 ||| SHOPLISTING scarf of resistance (416 gold, have
                  | 103).
  7795 | D:6      | 7795 ||| Stepping ~*~*~tactically~*~*~ (stealth).
  7801 | D:6      | 7801 ||| Stepping ~*~*~tactically~*~*~ (stealth).
  7802 | D:6      | 7802 ||| Stepping ~*~*~tactically~*~*~ (stealth).
  8353 | D:6      | Reached skill level 11 in Axes
  8619 | D:6      | 8619 ||| UPGRADING to ring of poison resistance.
  8620 | D:6      | 8620 ||| READING scroll labelled HIUR BUGUGUO.
  8621 | D:6      | 8621 ||| DRINKING 2 lumpy sapphire potions.
  8622 | D:6      | 8622 ||| DROPPING potion of flight.
  8777 | D:7      | 8777 ||| Stepping ~*~*~tactically~*~*~ (hiding).
  8822 | D:7      | Reached skill level 6 in Armour
  8869 | D:7      | 8869 ||| FLEEEEING.
  8870 | D:7      | 8870 ||| FLEEEEING.
  8871 | D:7      | 8871 ||| STAIRDANCE
  8921 | D:6      | 8921 ||| UPGRADING to amulet of guardian spirit.
  8928 | D:7      | 8928 ||| STAIRDANCE
  8968 | D:7      | 8968 ||| Stepping ~*~*~tactically~*~*~ (stealth).
  8975 | D:7      | 8975 ||| DRINKING 3 potions of curing.
  8975 | D:7      | 8975 ||| (to cure confusion)
  9089 | D:7      | 9089 ||| DROPPING +0 flail.
  9104 | D:7      | Found an iron altar of Okawaru.
  9112 | D:7      | Became a worshipper of Warmaster Okawaru
  9113 | D:7      | 9113 ||| REMOVING amulet of guardian spirit.
  9200 | D:7      | 9200 ||| FLEEEEING.
  9201 | D:7      | 9201 ||| FLEEEEING.
  9206 | D:7      | 9206 ||| FLEEEEING.
  9207 | D:7      | 9207 ||| FLEEEEING.
  9208 | D:7      | 9208 ||| FLEEEEING.
  9209 | D:7      | 9209 ||| FLEEEEING.
  9210 | D:7      | 9210 ||| FLEEEEING.
  9211 | D:7      | 9211 ||| FLEEEEING.
  9212 | D:7      | 9212 ||| STAIRDANCE
  9340 | D:6      | 9340 ||| DROPPING amulet of guardian spirit.
  9341 | D:6      | 9341 ||| READING 5 scrolls of identify.
  9341 | D:6      | 9341 ||| IDENTIFYING brown potion
  9386 | D:7      | 9386 ||| Stepping ~*~*~tactically~*~*~ (stealth).
  9417 | D:7      | HP: 8/54 [steam dragon] (7)]
  9418 | D:7      | 9418 ||| READING scroll of teleportation.
  9419 | D:7      | 9419 ||| DRINKING potion of heal wounds.
  9630 | D:7      | 9630 ||| Stepping ~*~*~tactically~*~*~ (hiding).
  9641 | D:7      | HP: 12/54 [orc warrior/+0 halberd (10)]
  9644 | D:7      | Slain by an orc warrior

Levels and vault maps discovered:
D:1:      dpeg_arrival_circle_labyrinth_b, layout_loops_ring,
          hellmonk_ecumenical_altar_arch_garden, serial_shops,
          nicolae_shop_stone, st_stairs_11
D:2:      layout_basic, basic_altar, uniq_crazy_yiuf_cottage
D:3:      minmay_bubble_buster, layout_basic
D:4:      layout_loops_ring, minmay_temple_entry_gardened_gates,
          minmay_misc_feat_tower, uniq_eustachio
D:5:      layout_loops_ring, doesnt_xom_only_xom, portal_sewer_entry_b,
          cheibrodos_gnoll_hut, uniq_grinder, uniq_menkaure
D:6:      layout_cave_pods, serial_shops, nicolae_inconvenience_store
D:7:      layout_gridville, okawaru_ov_weapons_minmay, lightli_minifort
Temple:   hc_temple_tempest_star

Skill      XL: |  1  2  3  4  5  6  7  8  9 |
---------------+----------------------------+-----
Axes           | 3 4 5 6 7 8 10 11 | 11.9
Armour         | 2 3 4 5 6 |  6.1
Fighting       | 4 5 |  5.3
Throwing       | |  1.0
Dodging        | |  2.1
Spellcasting   | |  2.0
Translocations | |  2.4

Action                   |  1- 3 |  4- 6 |  7- 9 || total
-------------------------+-------+-------+-------++-------
Melee: Hand axe          |     9 |       |       ||     9
       Peck              |     4 |    17 |    33 ||    54
       Kick              |    10 |    25 |    49 ||    84
       Broad axe         |    41 |   136 |   197 ||   374
       Punch             |       |     1 |     2 ||     3
Throw: Boomerang         |     7 |       |       ||     7
  Use: Scroll            |     6 |     9 |    11 ||    26
       Potion            |       |     1 |     4 ||     5
Armor: Leather armour    |     6 |       |       ||     6
       Chain mail        |     8 |    21 |       ||    29
       Plate armour      |       |    77 |   116 ||   193
Dodge: Dodged            |    28 |    34 |    44 ||   106

Table legend:
 A = Non-vault XP
 B = Vault XP
 C = Vault XP percentage of total XP
 D = Non-vault monster count
 E = Vault monster count
 F = Vault count percentage of total count
                 A         B        C        D         E       F
            +---------+---------+-------+---------+---------+-------
      Total |    3053 |    1037 |  25.4 |     133 |      48 |  26.5
            +---------+---------+-------+---------+---------+-------
        D:1 |      46 |       8 |  14.8 |      16 |       4 |  20.0
        D:2 |      59 |       0 |   0.0 |      15 |       0 |   0.0
        D:3 |     232 |     128 |  35.6 |      24 |      12 |  33.3
        D:4 |      60 |     196 |  76.6 |      17 |       1 |   5.6
        D:5 |     944 |     605 |  39.1 |      19 |      12 |  38.7
        D:6 |     682 |       0 |   0.0 |      14 |       0 |   0.0
        D:7 |    1030 |       0 |   0.0 |      28 |       0 |   0.0
      Sewer |       0 |     100 | 100.0 |       0 |      19 | 100.0
            +---------+---------+-------+---------+---------+-------
